 Dungeon Crawl Stone Soup version 0.31-a0-229-g1fc7ce93e2 (webtiles) character file.

Game seed: 484705897544661690

88 qw the Shooter (level 4, -3/26 HPs)
             Began as a Gargoyle Hexslinger on July 6, 2023.
             Slain by a kobold
             ... wielding a +2 short sword of protection
              (4 damage)
             ... on level 3 of the Dungeon.
             The game lasted 00:00:44 (1283 turns).

qw the Shooter (Gargoyle Hexslinger)                Turns: 1283, Time: 00:00:44

Health: -3/26      AC:  5    Str: 12    XL:     4   Next: 54%
Magic:  5/5        EV: 12    Int: 13    God:
Gold:   136        SH:  0    Dex: 14    Spells: 4/5 levels left

rFire   . . .        Y - +2 sling
rCold   . . .        (no shield)
rNeg    + . .        c - +0 robe
rPois   inf          (no helmet)
rElec   +            (no cloak)
rCorr   +            (no gloves)
SInv    .            (no boots)
Will    .....        (no amulet)
Stlth   +            d - ring of resist corrosion
HPRegen 0.24/turn    (no ring)
MPRegen 0.09/turn

%: no passive effects
@: no status effects
A: sickness immunity, AC +3, negative energy resistance 1, electricity
resistance, torment resistance 1, petrification resistance
a: no special abilities


You were on level 3 of the Dungeon.
You visited 1 branch of the dungeon, and saw 3 of its levels.

You collected 136 gold pieces.


Innate Abilities, Weirdness & Mutations

You are immune to sickness and miasma.
Your stone body is resilient. (AC +3)
You are immune to poison.
You resist negative energy. (rN+)
You are resistant to electric shocks. (rElec)
You are resistant to unholy torment.
You are immune to petrification.


   Skills:
 - Level 2.1 Fighting
 + Level 4.2 Ranged Weapons
 - Level 1.5 Dodging
 - Level 1.0 Spellcasting
 - Level 2.6 Hexes


You had 4 spell levels left.
You knew the following spells:

 Your Spells              Type           Power      Damage    Failure   Level
a - Slow                  Hex            28%        N/A       10%         1

Your spell library contained the following spells:

 Spells                   Type           Power      Damage    Failure   Level
 Inner Flame              Hex/Fire       4%         N/A       43%         3
 Portal Projectile        Hex/Tloc       8%         N/A       43%         3
 Cause Fear               Hex            3%         N/A       67%         4

Inventory:

Hand Weapons
 Y - a +2 sling (weapon)
Armour
 c - a +0 robe (worn)
Jewellery
 d - a ring of resist corrosion (left hand)
Potions
 e - a potion of heal wounds {unknown}
 f - a potion of attraction {unknown}

Dungeon Overview and Level Annotations

Branches:
Dungeon (3/15)

Altars:

Shops:
D:1 (


Message History

The endoplasm freezes you.
You are frozen.
A kobold comes into view.
It is wielding a +2 short sword of protection.
You shoot a sling bullet. The kobold shouts!
The sling bullet hits the endoplasm but does no damage.
The endoplasm is lightly wounded.
The quokka barely misses you. The endoplasm freezes you.
You are frozen.
The quokka bites you but does no damage.
You shoot a sling bullet. The sling bullet hits the endoplasm.
The endoplasm is almost dead.
The endoplasm closely misses you. The quokka closely misses you.
The endoplasm freezes you.
You are frozen.
You shoot a sling bullet. The sling bullet hits the endoplasm.
You kill the endoplasm!
The quokka bites you. The quokka completely misses you.
You shoot a sling bullet. The sling bullet hits the quokka.
The quokka is severely wounded.
The quokka barely misses you.
You shoot a sling bullet.
The sling bullet barely misses the quokka.
The quokka misses you.
You shoot a sling bullet.
The sling bullet closely misses the quokka.
The quokka barely misses you. The kobold hits you but does no damage.
The quokka barely misses you.
You shoot a sling bullet.
The sling bullet closely misses the quokka.
The kobold barely misses you. The quokka closely misses you.
The kobold hits you with a +2 short sword of protection.
You shoot a sling bullet. The sling bullet hits the quokka.
You kill the quokka!
The kobold hits you with a +2 short sword of protection.
You shoot a sling bullet. The sling bullet hits the kobold.
The kobold is severely wounded.
The kobold hits you with a +2 short sword of protection.
You die...

#.##.#####.#
+.#
#.##.......#
#..
#.##########
#.. #.#
#..#####.#
#....#...#
##..#.#.###
##...#...#
#....@>.##
......K####
.......
####... #.##
#. . ..


You could see a kobold.

Vanquished Creatures
  2 adders
  3 dart slugs
  4 ball pythons
  8 bats
  8 endoplasms
  3 giant cockroaches
  3 goblins
  7 hobgoblins
  5 jackals
  6 quokkas
  A frilled lizard (D:2)
  3 kobolds
  3 rats
56 creatures vanquished.

Notes
Turn   | Place    | Note
-------+----------+-------------------------------------------
     0 | D:1      | qw the Gargoyle Hexslinger began the quest for the Orb.
     0 | D:1      | Reached XP level 1. HP: 12/12 MP: 2/2
     0 | D:1      | 0 ||| qw: Version: 0.3-a-46-gb1f654a
     0 | D:1      | 0 ||| qw: Game counter: 1222
     0 | D:1      | 0 ||| qw: Melee chars always use a shield: true
     0 | D:1      | 0 ||| qw: God list: Okawaru
     0 | D:1      | 0 ||| qw: Allow faded altars: false
     0 | D:1      | 0 ||| qw: Do Orc after clearing Dungeon:15 true
     0 | D:1      | 0 ||| qw: Do second Lair branch before Depths: true
     0 | D:1      | 0 ||| qw: Lair rune preference: random
     0 | D:1      | 0 ||| qw: Goals: Normal
     0 | D:1      | 0 ||| PLANNING D:1-11
    28 | D:1      | 28 ||| FLEEEEING.
    29 | D:1      | 29 ||| FLEEEEING.
    30 | D:1      | 30 ||| FLEEEEING.
    90 | D:1      | 90 ||| FLEEEEING.
    91 | D:1      | 91 ||| FLEEEEING.
    97 | D:1      | Reached XP level 2. HP: 16/16 MP: 3/3
   133 | D:1      | Found Zobugaas's Weapon Shop.
   154 | D:1      | Reached skill level 3 in Ranged Weapons
   224 | D:1      | Reached XP level 3. HP: 21/21 MP: 4/4
   480 | D:1      | 480 ||| READING scroll labelled VOMOTE AMECOASH.
   481 | D:1      | 481 ||| READING scroll labelled ZUGOLAPAEH.
   482 | D:1      | 482 ||| DROPPING scroll of poison.
   715 | D:2      | Reached XP level 4. HP: 26/26 MP: 5/5
   813 | D:2      | Reached skill level 4 in Ranged Weapons
  1140 | D:2      | 1140 ||| UPGRADING to ring of resist corrosion.
  1141 | D:2      | 1141 ||| READING scroll labelled PITROG REIRGH.
  1142 | D:2      | 1142 ||| READING scroll labelled KUNTIO ZOMOAXT.
  1143 | D:2      | 1143 ||| READING scroll labelled VIKIRE BYQE.
  1147 | D:2      | 1147 ||| DRINKING 2 fuming purple potions.
  1148 | D:2      | 1148 ||| DROPPING potion of invisibility.
  1281 | D:3      | HP: 4/26 [kobold/+2 short sword of protection (5)]
  1282 | D:3      | HP: 1/26 [kobold/+2 short sword of protection (3)]
  1283 | D:3      | Slain by a kobold

Levels and vault maps discovered:
D:1:      amcnicky_arrival_double_pillar, layout_rooms, serial_shops,
          nicolae_shop_hallway_stairs
D:2:      wander_river, layout_basic
D:3:      layout_basic, jmf_multi_god_temple, nicolae_figureground_sparkle,
          uniq_sigmund

Skill      XL: |  1  2  3  4 |
---------------+-------------+-----
Ranged Weapons | 3 4 |  4.2
Fighting       | 2 |  2.1
Dodging        | |  1.5
Spellcasting   | |  1.0
Hexes          | |  2.6

Action                     |  1- 3 |  4- 6 || total
---------------------------+-------+-------++-------
   Fire: Sling             |   116 |    70 ||   186
    Use: Scroll            |     2 |     3 ||     5
         Potion            |       |     1 ||     1
 Armour: Robe              |    15 |    10 ||    25
  Dodge: Dodged            |    36 |    30 ||    66

Table legend:
 A = Non-vault XP
 B = Vault XP
 C = Vault XP percentage of total XP
 D = Non-vault monster count
 E = Vault monster count
 F = Vault count percentage of total count
                 A         B        C        D         E       F
            +---------+---------+-------+---------+---------+-------
      Total |     127 |       0 |   0.0 |      56 |       0 |   0.0
            +---------+---------+-------+---------+---------+-------
        D:1 |      63 |       0 |   0.0 |      33 |       0 |   0.0
        D:2 |      45 |       0 |   0.0 |      19 |       0 |   0.0
        D:3 |      19 |       0 |   0.0 |       4 |       0 |   0.0
            +---------+---------+-------+---------+---------+-------
